 Dungeon Crawl Stone Soup version 0.30-a0-1018-g25214051b3 (webtiles) character file.

Game seed: 16725616391934667098

1609 jimonade the Magician (level 9, 0/62 HPs)
             Began as a Djinni Warper on Apr 6, 2023.
             Slain by a centaur
             ... wielding a +0 rapier
              (2 damage)
             ... on level 7 of the Dungeon on Apr 7, 2023.
             The game lasted 00:25:11 (5651 turns).

jimonade the Magician (Djinni Warper)               Turns: 5651, Time: 00:25:11

Health: 0/62       AC:  8    Str: 14    XL:     9   Next: 16%
Gold:   1056       EV: 13    Int: 14    God:
                   SH:  0    Dex: 14

rFire   + + .      SeeInvis .    a - +4 short sword
rCold   . . .      Faith    .    (no shield)
rNeg    . . .      Spirit   .    F - +0 leather armour {rC+}
rPois   ∞          Reflect  .    (no helmet)
rElec   .          Rampage  .    v - +2 cloak {Will+}
rCorr   .                        r - +0 pair of gloves
Will    +....                    (boots unavailable)
Stlth   +                        (no amulet)
HPRegen 0.30/turn                (no ring)
MPRegen 0.00/turn                (no ring)

@: flying
A: sickness immunity, fire resistance 2, cold vulnerability 1, float, innate
caster, HP casting, extra vitality 1
a: no special abilities


You were on level 7 of the Dungeon.
You visited 1 branch of the dungeon, and saw 7 of its levels.

You collected 1056 gold pieces.

Inventory:

Hand Weapons
 a - a +4 short sword (weapon)
 b - a +1 short sword of holy wrath
 g - a +0 short sword
 p - a +0 rapier
 w - a +2 whip of flaming
 A - a +2 heavy hand axe
 C - a +1 trident of holy wrath
 E - a +3 dagger of draining
Missiles
 d - 7 boomerangs of dispersal
 e - 16 poisoned darts
 f - 52 stones
 u - 5 curare-tipped darts
Armour
 h - a +0 leather armour
 q - a +0 ring mail
 r - a +0 pair of gloves (worn)
 v - a +2 cloak of willpower (worn)
 B - a +1 leather armour of fire resistance
 F - a +0 leather armour of cold resistance (worn)
Scrolls
 c - 2 scrolls of blinking
 i - 2 scrolls of poison
 l - a scroll of identify
 x - a scroll of fog
 y - a scroll of teleportation
 H - a scroll of acquirement
Potions
 j - 3 potions of flight
 k - 2 potions of attraction {unknown}
 m - 3 potions of curing
 n - 3 potions of heal wounds
 o - 2 potions of ambrosia
 s - a potion of lignification {unknown}
 t - a potion of mutation {unknown}
 z - 3 potions of haste
 D - a potion of might {unknown}
 G - a potion of degeneration {unknown}


   Skills:
 + Level 4.0 Fighting
 + Level 4.5 Short Blades
 + Level 1.1 Throwing
 + Level 4.6 Armour
 + Level 4.9 Dodging
 + Level 5.7 Spellcasting


You knew the following spells:

 Your Spells              Type           Power      Damage    Failure   Level
a - Blink                 Tloc           40%        N/A       2%          2
b - Lesser Beckoning      Tloc           40%        N/A       2%          2
c - Vhi's Electric Charg  Tloc/Air       40%        N/A       5%          3
d - Teleport Other        Tloc           20%        N/A       5%          3
e - Manifold Assault      Tloc           20%        N/A       19%         4
f - Sting                 Tmut/Pois      80%        1d7       1%          1
g - Searing Ray           Conj           40%        2d5       2%          2
h - Wereblood             Tmut           20%        N/A       2%          2
i - Sticky Flame          Conj/Fire      20%        2d4       19%         4
Your spell library was empty.

Dungeon Overview and Level Annotations

Branches:
Dungeon (8/15)
 Temple: D:4-7         Lair: D:8-11

Altars:
Fedhas
Hepliaklqana
Xom

Shops:
D:2 !

Annotations:
D:3 2 runed translucent doors


Innate Abilities, Weirdness & Mutations

You are immune to sickness and miasma.
You are immune to poison.
Your flesh is very heat resistant. (rF++)
You are vulnerable to cold. (rC-)
You float through the air rather than walking.
You learn spells naturally, not from books.
Your magical power is your life essence.
You have superior vitality. (+4 MHP)


Message History

The sting hits the centaur.
The centaur looks even sicker.
The centaur is moderately wounded.
* * * LOW HITPOINT WARNING * * *
The centaur hits you but does no damage.
The centaur kicks you but does no damage.
The centaur hits you but does no damage.
The centaur kicks you but does no damage.
Casting: Sting (safe; 1% risk of failure)
Confirm with . or Enter, or press ? or * to list all spells.
Aiming: Sting (safe; 1% risk of failure)
Press: ? - help, Shift-Dir - straight line, f/p - centaur
Aim: a centaur, wielding a +0 rapier (moderately wounded, very poisoned, 85% to hit)
The sting hits the centaur.
The centaur looks even sicker.
The centaur is severely wounded.
* * * LOW HITPOINT WARNING * * *
The centaur closely misses you.
The centaur kicks you but does no damage.
You barely miss the centaur.
The centaur is severely wounded.
The centaur hits you with a +0 rapier.
* * * LOW HITPOINT WARNING * * *
The centaur barely misses you.
You closely miss the centaur.
The centaur is severely wounded.
The centaur hits you with a +0 rapier.
* * * LOW HITPOINT WARNING * * *
The centaur closely misses you.
An iguana comes into view.
The iguana hisses angrily.
You hit the centaur.
The centaur is severely wounded.
The centaur misses you.
The centaur kicks you but does no damage.
The centaur hits you with a +0 rapier.
* * * LOW HITPOINT WARNING * * *
The centaur misses you.
You hit the centaur.
The centaur is severely wounded.
The centaur barely misses you. The centaur kicks you.
You die...

##.#############
.l.....@)))....#
##.#..c#######.###
.....#. #.......#
##.# ......###.#.#
# #.... #.#.# ...
..#.# ##..
#>.#.####### #..
#..#........
#.......#######


You could see a centaur (very poisoned) and an iguana.

Vanquished Creatures
  An ice beast (D:5)
  4 black bears
  3 ogres
  A kobold brigand (D:7)
  A phantom (D:4)
  2 scorpions (D:5)
  2 hounds (D:4)
  4 orc priests
  3 iguanas
  A gnoll bouda (D:5)
  2 orc wizards (D:5)
  8 gnolls
  11 adders
  An ufetubus (D:4)
  2 dart slugs
  12 orcs
  11 endoplasms
  2 giant cockroaches (D:2)
  12 goblins
  5 hobgoblins
  12 kobolds
  3 quokkas
  9 ball pythons
  9 bats
  8 frilled lizards
  10 rats
139 creatures vanquished.

Notes
Turn   | Place    | Note
-------+----------+-------------------------------------------
     0 | D:1      | jimonade the Djinni Warper began the quest for the Orb.
     0 | D:1      | jimonade set off with the following spells memorised:
                  | Blink, Lesser Beckoning, Vhi's Electric Charge, Teleport
                  | Other, Manifold Assault.
     0 | D:1      | Reached XP level 1. HP: 18/18 MP: 0/0
   136 | D:1      | Reached XP level 2. HP: 23/23 MP: 0/0
   316 | D:1      | Reached XP level 3. HP: 28/28 MP: 0/0
   316 | D:1      | Learned a level 1 spell: Sting
   701 | D:1      | Reached skill level 3 in Spellcasting
  1047 | D:2      | Reached XP level 4. HP: 31/33 MP: 0/0
  1502 | D:2      | Found Tischink's Distillery.
  1616 | D:2      | Reached XP level 5. HP: 38/38 MP: 0/0
  1616 | D:2      | Learned a level 2 spell: Searing Ray
  1679 | D:2      | Identified a scroll of acquirement
  1679 | D:2      | Acquired 774 gold pieces
  2291 | D:3      | Acquired a +2 cloak of willpower
  2443 | D:3      | Found a large runed translucent door.
  2443 | D:3      | Found a large runed translucent door.
  2444 | D:3      | Found a shimmering altar of Xom.
  2494 | D:3      | Reached XP level 6. HP: 19/43 MP: 0/0
  2791 | D:4      | Noticed an ogre
  2794 | D:4      | Noticed a black bear
  2805 | D:3      | Killed an ogre
  2806 | D:3      | Reached skill level 4 in Spellcasting
  3020 | D:2      | Killed a black bear
  3021 | D:2      | Reached XP level 7. HP: 20/49 MP: 0/0
  3021 | D:2      | Learned a level 2 spell: Wereblood
  3680 | D:4      | Upgraded the game from 0.30-a0-1008-g30c9307041 to
                  | 0.30-a0-1016-gfb0d676c02
  3680 | D:4      | Upgraded the game from 0.30-a0-1016-gfb0d676c02 to
                  | 0.30-a0-1018-g25214051b3
  3738 | D:4      | Found a hazy altar of Hepliaklqana.
  3870 | D:4      | Reached XP level 8. HP: 38/55 MP: 0/0
  3968 | D:4      | Reached skill level 1 in Throwing
  4289 | D:4      | Reached skill level 5 in Spellcasting
  4372 | D:5      | Entered Level 5 of the Dungeon
  4817 | D:5      | Reached XP level 9. HP: 51/61 MP: 0/0
  4817 | D:5      | Learned a level 4 spell: Sticky Flame
  5185 | D:5      | Found a blossoming altar of Fedhas.
  5186 | D:5      | Found a shimmering altar of Xom.
  5586 | D:5      | You are sucked into a shaft and drop 3 floors!
  5649 | D:7      | HP: 3/62 [centaur/+0 rapier (4)]
  5650 | D:7      | HP: 1/62 [centaur/+0 rapier (2)]
  5651 | D:7      | Slain by a centaur

Illustrated notes

Levels and vault maps discovered:
D:1:      dpeg_arrival_arbitrary_a, layout_loops_ring, st_stairs_10
D:2:      layout_rooms, serial_shops, shop, grunt_ministairs_10,
          kennysheep_generic_room_10
D:3:      due_chaos_kobolds, layout_basic
D:4:      layout_rooms, mainiacjoe_overflow_brackets, minmay_distorted
D:5:      layout_basic, nicolae_overflow_two_pavilions, eino_curves_04
D:7:      minmay_the_grid_triangle_9x9_rhombus_thin
          [minmay_the_grid_triangle_9x9_sparse_checkered,
          minmay_the_grid_triangle_9x9_prize_center,
          minmay_the_grid_triangle_9x9_warning,
          minmay_the_grid_triangle_9x9_sprig], layout_loops_ring, zin_treasury,
          marbit_many_paths, uniq_joseph, uniq_maggie, uniq_pikel, uniq_duvessa
D:8:      minmay_s_stair_smasher, layout_loops_cross, okawaru_altar_gauntlet_db

Skill      XL: |  1  2  3  4  5  6  7  8  9 |
---------------+----------------------------+-----
Short Blades   | 2 3 4 |  4.5
Spellcasting   | 3 4 5 |  5.7
Dodging        | 3 4 |  4.9
Armour         | 2 3 4 |  4.6
Throwing       | 1 |  1.1
Fighting       | 3 4 |  4.0

Action                     |  1- 3 |  4- 6 |  7- 9 || total
---------------------------+-------+-------+-------++-------
  Melee: Short sword       |    63 |    24 |    14 ||   101
         Punch             |     1 |       |       ||     1
  Throw: Dart              |       |     2 |       ||     2
   Cast: Sting             |    25 |    33 |     3 ||    61
         Searing Ray       |       |    26 |    53 ||    79
         Blink             |       |     3 |       ||     3
    Use: Scroll            |       |    11 |     3 ||    14
   Stab: Sleeping          |     1 |       |       ||     1
 Armour: Leather armour    |    22 |    44 |    50 ||   116
  Dodge: Dodged            |    32 |    76 |    65 ||   173

Table legend: (Time is in decaauts)
 A = Elapsed time spent in this place.
 B = Non-inter-level travel time spent in this place.
 C = Inter-level travel time spent in this place.
 D = Time resting spent in this place.
 E = Time spent auto-exploring this place.
 F = Levels seen in this place.
 G = Mean time per level.
                   A        B        C        D        E       F      G
               +--------+--------+--------+--------+--------+-----+--------+
         Total |   5643 |   5500 |    143 |   1368 |   2182 |   7 |  806.1 |
       Dungeon |   5643 |   5500 |    143 |   1368 |   2182 |   7 |  806.1 |
               +--------+--------+--------+--------+--------+-----+--------+

Top non-repeatable levels by time:
     D:2: 1471 daAuts
     D:5: 1181 daAuts
     D:3: 1105 daAuts
     D:1: 938 daAuts
     D:4: 883 daAuts
     D:7: 52 daAuts
     D:8: 11 daAuts
